 Dungeon Crawl Stone Soup version 0.22-a0-351-g29664b4 (webtiles) character file.

72431 Amnesiac the Sharpshooter (level 15, -6/84 HPs)
             Began as a Spriggan Wanderer on Apr 12, 2018.
             Was the Champion of Okawaru.
             Shot with an arrow by a centaur warrior (32 damage)
             ... on level 1 of the Depths.
             The game lasted 00:40:01 (24230 turns).

Amnesiac the Sharpshooter (Spriggan Wanderer)      Turns: 24230, Time: 00:40:02

Health: -6/84      AC: 12    Str: 16    XL:     15   Next: 1%
Magic:  22/22      EV: 31    Int: 13    God:    Okawaru [******]
Gold:   2066       SH:  0    Dex: 18    Spells: 9/14 levels left

rFire    + . .     SeeInvis +   a - +2 arbalest (freeze)
rCold    + . .     Gourm    .   (shield currently unavailable)
rNeg     . . .     Faith    .   Q - +2 robe {rC+ rF+}
rPois    +         Spirit   .   q - +2 hat "Naorgh" {rPois Str+3}
rElec    .         Reflect  .   r - +1 cloak
rCorr    .         Harm     +   (gloves unavailable)
MR       ++...                  (boots unavailable)
Stlth    ++........             K - amulet of harm
HPRegen  0.24/turn              Y - ring of flight
MPRegen  0.18/turn              M - +4 ring of protection

@: very quick
A: very small, unfitting armour, see invisible, herbivore, speed 3, slow
metabolism 2
a: Heroism, Finesse, Renounce Religion, Evoke Flight


You were on level 1 of the Depths.
You worshipped Okawaru.
Okawaru was exalted by your worship.
You were not hungry.

You visited 3 branches of the dungeon, and saw 18 of its levels.
You also visited: Sewer.

You collected 2066 gold pieces.

Inventory:

Hand Weapons
 a - a +2 arbalest of freezing (weapon)
 b - the +8 dagger of Anger {drain, rF++ MR+ Dex-4 Stlth-}
   (You found it on level 12 of the Dungeon)

   A truly terrible weapon, it drains the life of those it strikes.
   It affects your dexterity (-4).
   It greatly protects you from fire.
   It affects your resistance to hostile enchantments.
   It makes you less stealthy.
 h - a +1 triple crossbow of flaming
 k - a +0 blowgun
 n - a +0 lajatang of pain
Missiles
 d - 11 needles of confusion
 g - 182 bolts (quivered)
 P - 18 poisoned needles
 R - a throwing net
 S - 22 curare-tipped needles
Armour
 q - the +2 hat "Naorgh" (worn) {rPois Str+3}
   (Okawaru gifted it to you on level 13 of the Dungeon)

   It affects your strength (+3).
   It protects you from poison.
 r - a +1 cloak (worn)
 Q - a +2 robe of resistance (worn)
Jewellery
 K - an amulet of harm (around neck)
 M - a +4 ring of protection (right hand)
 Y - a ring of flight (left hand)
Wands
 t - a wand of iceblast (27)
 w - a wand of clouds (4)
 y - a wand of disintegration (15)
 I - a wand of random effects (58)
 J - a wand of digging (39)
 V - a wand of paralysis (1)
Scrolls
 i - 5 scrolls of remove curse {!r}
 l - 2 scrolls of amnesia {!r}
 p - 12 scrolls of magic mapping {!r}
 x - 7 scrolls of enchant weapon {!r}
 C - 11 scrolls of teleportation {!r}
 D - 4 scrolls of fog {!r}
 E - 6 scrolls of blinking {!r}
 G - 2 scrolls of vulnerability {!r}
 H - a scroll of fear {!r}
 W - a scroll of summoning {!r}
 Z - 3 scrolls of enchant armour {!r}
Potions
 c - 6 potions of curing {!q}
 e - 4 potions of berserk rage {!q}
 j - a potion of cancellation {!q}
 m - 4 potions of resistance {!q}
 s - a potion of brilliance {!q}
 u - 3 potions of degeneration {!q, unknown}
 z - 4 potions of haste {!q}
 A - 5 potions of might {!q}
 B - a potion of magic {!q}
 F - 2 potions of heal wounds {!q}
 L - 2 potions of agility {!q}
 T - 3 potions of flight {!q}
 U - 4 potions of mutation {!q}
Comestibles
 f - 22 rations


   Skills:
 * Level 11.9 Fighting
   Level 1.0 Maces & Flails
 + Level 18.2 Crossbows
 + Level 14.0 Dodging
 - Level 1.5 Stealth
 - Level 8.0 Invocations
 - Level 2.0 Evocations


You had 9 spell levels left.
You knew the following spells:

 Your Spells              Type           Power        Failure   Level  Hunger
a - Summon Small Mammal   Summ           #...         30%         1    ##.....
b - Apportation           Tloc           #.....       30%         1    ##.....
v - Blink                 Tloc           N/A          43%         2    ###....
z - Confusing Touch       Hex            #.....       30%         1    ##.....


Dungeon Overview and Level Annotations

Branches:
Dungeon (15/15)            Temple (0/1) D:7            Lair (0/6) D:9
    Orc (2/2) D:9             Elf (0/3) Orc:2        Vaults (0/5) D:14
 Depths (1/5) D:15

Altars:
Cheibriados
Fedhas
Kikubaaqudgha
Okawaru
Qazlal
Ru
Vehumet
Wu Jian
Beogh
Lugonu

Shops:
D:13 :   Orc:2 !}:(

Portals:
Ziggurat: Depths:1


Innate Abilities, Weirdness & Mutations

You are very small and have problems with some larger weapons.
You are too small for most types of armour.
You have supernaturally acute eyesight. (SInv)
You are a herbivore.
You cover ground extremely quickly.
You need to consume almost no food.


Message History

Okawaru accepts your kill.
The centaur warrior shoots an arrow.
The arrow completely misses you.
Firing (i - inventory. (/) - cycle)
g - 189 bolts (quivered)
Press: ? - help, Shift-Dir - straight line, f - centaur warrior
Aim: a centaur warrior, wielding a shortbow You shoot a bolt.
The bolt hits the centaur warrior!!
The bolt freezes the centaur warrior!
The centaur warrior is almost dead.
The centaur warrior shoots an arrow.
The arrow completely misses you.
The centaur warrior shoots an arrow.
The arrow misses you.
Firing (i - inventory. (/) - cycle)
g - 188 bolts (quivered)
Press: ? - help, Shift-Dir - straight line, f/p - centaur warrior
Aim: a centaur warrior, wielding a shortbow (almost dead)
You shoot a bolt.
The bolt closely misses the centaur warrior.
The centaur warrior shoots an arrow.
The arrow hits you!
The centaur warrior shoots an arrow.
The arrow completely misses you.
Firing (i - inventory. (/) - cycle)
g - 187 bolts (quivered)
Press: ? - help, Shift-Dir - straight line, f/p - centaur warrior
Aim: a centaur warrior, wielding a shortbow (almost dead)
You shoot a bolt.
The bolt closely misses the centaur warrior.
The centaur warrior shoots an arrow.
The arrow closely misses you.
Firing (i - inventory. (/) - cycle)
g - 186 bolts (quivered)
Press: ? - help, Shift-Dir - straight line, f/p - centaur warrior
Aim: a centaur warrior, wielding a shortbow (almost dead)
You shoot a bolt. The bolt hits the deep troll!!
The bolt freezes the deep troll.
The deep troll is heavily wounded.
The centaur warrior shoots an arrow.
The arrow hits you!
The centaur warrior shoots an arrow.
The arrow hits you!
* * * LOW HITPOINT WARNING * * *
Firing (i - inventory. (/) - cycle)
g - 185 bolts (quivered)
Press: ? - help, Shift-Dir - straight line, f/p - deep troll
Aim: a deep troll (heavily wounded)
You shoot a bolt.
The bolt hits the deep troll but does no damage.
The deep troll is heavily wounded.
The centaur warrior shoots an arrow.
The arrow closely misses you.
Firing (i - inventory. (/) - cycle)
g - 184 bolts (quivered)
Press: ? - help, Shift-Dir - straight line, f/p - deep troll
Aim: a deep troll (heavily wounded)
You shoot a bolt. The bolt hits the deep troll!!
The bolt freezes the deep troll!
You kill the deep troll!
Okawaru accepts your kill.
The troll leather armour is intact enough to wear.
You have reached level 15!
Your experience leads to an increase in your attributes!
Your base attributes are Str 12, Int 12, Dex 18.
Increase (S)trength, (I)ntelligence, or (D)exterity?
You feel stronger.
You feel clever.
The centaur warrior shoots an arrow.
The arrow hits you.
* * * LOW HITPOINT WARNING * * *
Firing (i - inventory. (/) - cycle)
g - 183 bolts (quivered)
Press: ? - help, Shift-Dir - straight line, f - centaur warrior
Aim: a centaur warrior, wielding a shortbow (almost dead)
You shoot a bolt.
The bolt hits the centaur warrior but does no damage.
The centaur warrior is almost dead.
The centaur warrior shoots an arrow.
The arrow hits you!
* * * LOW HITPOINT WARNING * * *
The centaur warrior shoots an arrow.
The arrow hits you!!
You die...

#................########..####
#..............................
##.............................
#..#########..######..######..
#..# #.(# #..# #..
##..#########(.######..######..
#..............(.((........(...
##........................(..(..
##..............@[((.(...(..###.#
#...........................###.#
.................................
.........).......................
#..#############.c#########..#.##
#..# #((# #...## #..###### #..#
#..## .......... ..(. ....
.......... ......


You could see a centaur warrior.

Vanquished Creatures
  Frances (D:14)
  Agnes (D:15)
  Kirke (D:13)
  A fire giant (D:15)
  Nessos (D:14)
  Josephine (D:13)
  Erolcha (D:10)
  3 ogre magi (Orc:2)
  5 vault guards (D:14)
  An ice dragon (Depths:1)
  3 hydras
  4 centaur warriors
  A death knight (D:14)
  A tengu warrior (D:13)
  11 two-headed ogres
  A deep troll shaman (Depths:1)
  2 deep troll earth magi
  The ghost of Amnesiac the Quickloader, a journeyman SpWn of Okawaru (Orc:1)
  Urug (Orc:1)
  Sonja (D:10)
  A deep elf knight (D:14)
  Nergalle (Orc:2)
  3 unseen horrors
  2 wizards
  An orc knight (Orc:1)
  3 deep trolls (Depths:1)
  A phantasmal warrior (D:14)
  An orb spider (shapeshifter) (D:13)
  8 orc sorcerers
  8 cyclopes
  5 ugly things
  3 manticores
  2 deep elf magi
  Maurice (D:12)
  A gargoyle (D:14)
  A komodo dragon (shapeshifter) (D:14)
  A yaktaur (D:14)
  A freezing wraith (D:14)
  2 komodo dragons (D:12)
  2 tengu conjurers
  2 hornets
  4 trolls
  A harpy skeleton (D:15)
  5 hippogriffs
  3 slime creatures (D:13)
  A spriggan (D:8)
  Sigmund (D:2)
  A shadow (D:9)
  A vampire (D:13)
  12 wraiths
  A human (D:14)
  A wyvern (D:13)
  17 yaks
  4 hogs (D:13)
  A basilisk (D:13)
  Eustachio (D:5)
  7 vampire mosquitoes
  Menkaure (D:4)
  9 wargs
  An acid dragon (D:13)
  A soldier ant (D:12)
  2 water moccasins
  A black bear (D:10)
  5 ice beasts
  13 orc warriors
  3 sky beasts
  A necrophage (D:7)
  A phantom (D:6)
  2 wolves (Orc:2)
  11 centaurs
  17 ogres
  A big kobold (D:8)
  9 bullfrogs
  2 wyvern zombies
  A gnoll sergeant (D:8)
  3 scorpions
  4 killer bees (D:10)
  4 howler monkeys
  12 wights
  2 crimson imps
  2 bullfrog zombies
  3 centaur skeletons
  7 centaur zombies
  11 orc priests
  9 hounds
  2 jellies
  Crazy Yiuf (D:2)
  3 bullfrog skeletons
  Ijyb (D:3)
  Jessica (D:2)
  An iguana (D:11)
  46 orc wizards
  Natasha (thrice) (D:2)
  7 worker ants
  A hound skeleton (D:4)
  A howler monkey zombie (D:5)
  Robin (D:4)
  A worker ant zombie (D:5)
  22 adders
  10 gnolls
  4 river rats
  2 shadow imps
  An ooze (Sewer)
  An adder zombie (D:7)
  An adder skeleton (D:4)
  5 worms
  A dart slug (D:4)
  4 leopard geckos
  71 orcs
  16 ball pythons
  10 giant cockroaches
  16 goblins
  9 hobgoblins
  18 jackals
  6 kobolds
  8 quokkas
  7 bats
  6 frilled lizards
  A jackal skeleton (D:4)
  2 quokka zombies (D:8)
  39 rats
620 creatures vanquished.

Vanquished Creatures (others)
  An orc (D:13)
  A fungus (D:10)
2 creatures vanquished.

Grand Total: 622 creatures vanquished

Notes
Turn   | Place    | Note
-------+----------+-------------------------------------------
     0 | D:1      | Amnesiac the Spriggan Wanderer began the quest for the Orb.
     0 | D:1      | Amnesiac set off with: a +2 hand crossbow, 27 bolts, a potion of curing {!q}, a +0 robe, a ration
     0 | D:1      | Reached XP level 1. HP: 10/10 MP: 3/3
   291 | D:1      | Reached XP level 2. HP: 10/14 MP: 4/4
   529 | D:1      | Reached skill level 4 in Crossbows
   597 | D:1      | Reached XP level 3. HP: 15/18 MP: 5/5
  1257 | D:2      | Noticed Jessica
  1266 | D:2      | Killed Jessica
  1266 | D:2      | Reached skill level 5 in Crossbows
  1266 | D:2      | Reached XP level 4. HP: 21/22 MP: 6/6
  1306 | D:2      | Noticed Natasha
  1311 | D:2      | Killed Natasha
  1354 | D:2      | Reached XP level 5. HP: 25/25 MP: 7/7
  1360 | D:2      | Noticed Natasha
  1362 | D:2      | Killed Natasha
  1362 | D:2      | Reached skill level 6 in Crossbows
  1399 | D:2      | Noticed Natasha
  1411 | D:2      | Killed Natasha
  1589 | D:2      | Noticed Sigmund
  1755 | D:2      | Found a runed door.
  2100 | D:2      | Noticed Crazy Yiuf
  2112 | D:2      | Killed Crazy Yiuf
  2236 | D:2      | Killed Sigmund
  2236 | D:2      | Reached skill level 7 in Crossbows
  2236 | D:2      | Reached XP level 6. HP: 30/30 MP: 8/8
  2268 | D:3      | Found a snail-covered altar of Cheibriados.
  2365 | D:3      | Found an iron altar of Okawaru.
  2372 | D:3      | Became a worshipper of Warmaster Okawaru
  2541 | D:3      | Noticed Ijyb
  2555 | D:3      | Killed Ijyb
  2625 | D:3      | Reached skill level 8 in Crossbows
  2931 | D:4      | Reached XP level 7. HP: 28/33 MP: 9/9
  3036 | D:4      | Noticed Robin
  3084 | D:4      | Killed Robin
  3383 | D:4      | Found a glowing drain.
  3392 | Sewer    | Entered a sewer
  3604 | Sewer    | Reached * piety under Okawaru
  3740 | Sewer    | Reached skill level 9 in Crossbows
  4234 | D:4      | Found a stormy altar of Qazlal.
  4419 | D:4      | Noticed Menkaure
  4423 | D:4      | Killed Menkaure
  4423 | D:4      | Reached XP level 8. HP: 37/37 MP: 10/10
  4753 | D:5      | Entered Level 5 of the Dungeon
  4872 | D:5      | Reached skill level 10 in Crossbows
  4989 | D:5      | Noticed Eustachio
  5034 | D:5      | Killed Eustachio
  5143 | D:5      | Learned a level 1 spell: Summon Small Mammal
  5145 | D:5      | Learned a level 1 spell: Confusing Touch
  5147 | D:5      | Learned a level 1 spell: Apportation
  5207 | D:5      | Reached ** piety under Okawaru
  5536 | D:5      | Reached skill level 5 in Invocations
  6724 | D:6      | Reached XP level 9. HP: 37/41 MP: 13/15
  6783 | D:6      | Found an ornate altar of the Wu Jian Council.
  8575 | D:7      | Reached *** piety under Okawaru
  9003 | D:7      | Reached skill level 5 in Dodging
  9368 | D:7      | Found a staircase to the Ecumenical Temple.
  9759 | D:8      | Noticed a two-headed ogre
  9844 | D:8      | Killed a two-headed ogre
  9844 | D:8      | Reached **** piety under Okawaru
  9844 | D:8      | Received a gift from Okawaru
  9844 | D:8      | Reached skill level 5 in Fighting
  9844 | D:8      | Reached XP level 10. HP: 47/51 MP: 17/17
 10514 | D:8      | Noticed a two-headed ogre
 10565 | D:8      | Killed a two-headed ogre
 10565 | D:8      | Received a gift from Okawaru
 10961 | D:8      | Reached ***** piety under Okawaru
 11025 | D:9      | Identified a paperback manual
 11156 | D:9      | Found a staircase to the Lair.
 11174 | D:9      | Noticed a two-headed ogre
 11202 | D:9      | HP: 1/55 [two-headed ogre/giant club (37)]
 11218 | D:9      | Killed a two-headed ogre
 11757 | D:9      | Reached skill level 10 in Dodging
 11770 | D:9      | Reached XP level 11. HP: 51/60 MP: 18/18
 12036 | D:9      | Received a gift from Okawaru
 12114 | D:9      | Found a staircase to the Orcish Mines.
 12307 | Orc:1    | Entered Level 1 of the Orcish Mines
 13054 | Orc:2    | Entered Level 2 of the Orcish Mines
 13054 | Orc:2    | Found a staircase to the Elven Halls.
 13054 | Orc:2    | Noticed an orc knight
 13308 | Orc:1    | Noticed Amnesiac's ghost (journeyman SpWn)
 13342 | Orc:1    | Killed Amnesiac's ghost
 13548 | Orc:1    | Noticed an orc sorcerer
 13566 | Orc:1    | Killed an orc sorcerer
 13566 | Orc:1    | Received a gift from Okawaru
 13582 | Orc:1    | Noticed Urug
 13610 | Orc:1    | Killed Urug
 13610 | Orc:1    | Received a gift from Okawaru
 13986 | Orc:1    | Killed an orc knight
 13986 | Orc:1    | Received a gift from Okawaru
 14217 | Orc:2    | Received a gift from Okawaru
 14225 | Orc:2    | Got a faintly humming hat {god gift}
 14456 | Orc:2    | Found a roughly hewn altar of Beogh.
 14461 | Orc:2    | Reached skill level 10 in Fighting
 15418 | Orc:2    | Noticed an ogre mage
 15418 | Orc:2    | Noticed an orc sorcerer
 15418 | Orc:2    | Paralysed by an ogre mage for 6 turns
 15459 | Orc:2    | Killed an ogre mage
 15470 | Orc:2    | Killed an orc sorcerer
 15470 | Orc:2    | Reached XP level 12. HP: 60/68 MP: 13/19
 15501 | Orc:2    | Noticed an ogre mage
 15531 | Orc:2    | Killed an ogre mage
 15541 | Orc:2    | Identified the +0 hat of Weightlessness {Regen+ Dex+3} (Okawaru gifted it to you on level 2 of the Orcish Mines)
 15649 | Orc:2    | Found Jyci Zam's Antique Weapon Shop.
 15697 | Orc:2    | Found an ancient bone altar of Kikubaaqudgha.
 15698 | Orc:2    | Noticed Nergalle
 15757 | Orc:2    | Killed Nergalle
 15807 | Orc:2    | Paralysed by an orc sorcerer for 2 turns
 15897 | Orc:2    | Found Emuuh's Book Shop.
 15900 | Orc:2    | Noticed an ogre mage
 15918 | Orc:2    | Killed an ogre mage
 15962 | Orc:2    | Received a gift from Okawaru
 15970 | Orc:2    | Found Game's Gadget Boutique.
 15972 | Orc:2    | Found a roughly hewn altar of Beogh.
 16007 | Orc:2    | Found a radiant altar of Vehumet.
 16049 | Orc:2    | Found Kaupni's Distillery.
 16279 | D:10     | Entered Level 10 of the Dungeon
 16311 | D:10     | Noticed Sonja
 16316 | D:10     | Killed Sonja
 16316 | D:10     | Reached skill level 11 in Crossbows
 16634 | D:10     | Found a blossoming altar of Fedhas.
 16634 | D:10     | Noticed a two-headed ogre
 16662 | D:10     | Killed a two-headed ogre
 16725 | D:10     | Noticed Erolcha
 16748 | D:10     | Killed Erolcha
 16748 | D:10     | Reached skill level 12 in Crossbows
 17064 | D:10     | Received a gift from Okawaru
 17276 | D:11     | Noticed a two-headed ogre
 17282 | D:11     | Killed a two-headed ogre
 17344 | D:11     | Received a gift from Okawaru
 17842 | D:12     | Received a gift from Okawaru
 17854 | D:12     | Got a faintly humming robe {god gift}
 17873 | D:12     | Identified the +0 robe of Absolutism {rElec} (Okawaru gifted it to you on level 12 of the Dungeon)
 17930 | D:12     | Reached skill level 13 in Crossbows
 17968 | D:12     | Got a brightly glowing dagger
 18013 | D:12     | Noticed a seven-headed hydra
 18016 | D:12     | Killed a seven-headed hydra
 18016 | D:12     | Reached XP level 13. HP: 74/74 MP: 20/20
 18403 | D:12     | Noticed Maurice
 18409 | D:12     | Killed Maurice
 18552 | D:12     | Found an ornate altar of the Wu Jian Council.
 18737 | D:12     | Identified the +8 dagger of Anger {drain, rF++ MR+ Dex-4 Stlth-} (You found it on level 12 of the Dungeon)
 19055 | D:13     | Reached skill level 14 in Crossbows
 19442 | D:13     | Noticed Josephine
 19550 | D:13     | Killed Josephine
 19851 | D:13     | Noticed Kirke
 19875 | D:13     | Reached skill level 15 in Crossbows
 19879 | D:13     | Killed Kirke
 19879 | D:13     | Received a gift from Okawaru
 19882 | D:13     | Got a faintly humming hat {god gift}
 19895 | D:13     | Identified the +2 hat "Naorgh" {rPois Str+3} (Okawaru gifted it to you on level 13 of the Dungeon)
 20882 | D:13     | Found Keskaabb's Book Shop.
 20902 | D:14     | Reached skill level 16 in Crossbows
 20944 | D:14     | Reached ****** piety under Okawaru
 21043 | D:14     | Reached XP level 14. HP: 65/79 MP: 21/21
 21723 | D:14     | Reached skill level 17 in Crossbows
 21780 | D:14     | Received a gift from Okawaru
 21796 | D:14     | Noticed Nessos
 21798 | D:14     | Killed Nessos
 21815 | D:14     | Noticed Frances
 21873 | D:14     | Killed Frances
 22213 | D:14     | Found a gate to the Vaults.
 22410 | D:14     | Reached skill level 18 in Crossbows
 22612 | D:15     | Entered Level 15 of the Dungeon
 23114 | D:15     | Found a staircase to the Depths.
 23114 | D:15     | Noticed a fire giant
 23132 | D:15     | Received a gift from Okawaru
 23133 | D:15     | Killed a fire giant
 23218 | D:15     | Noticed Agnes
 23231 | D:15     | Killed Agnes
 23403 | D:15     | Received a gift from Okawaru
 23638 | D:15     | Found a sacrificial altar of Ru.
 23753 | D:15     | Found a corrupted altar of Lugonu.
 23913 | D:15     | Received a gift from Okawaru
 23921 | D:15     | Got a jewelled hat {god gift}
 23932 | D:15     | Identified the +2 hat of Summertime {rN+} (Okawaru gifted it to you on level 15 of the Dungeon)
 24057 | Depths:1 | Entered Level 1 of the Depths
 24081 | Depths:1 | Found a gateway to a ziggurat.
 24088 | Depths:1 | Learned a level 2 spell: Blink
 24229 | Depths:1 | Reached XP level 15. HP: 34/84 MP: 22/22
 24230 | Depths:1 | Shot with an arrow by a centaur warrior

Vault maps used:
D:1:      eino_arrival_water_cross, minmay_misc_feat_nine_boxes
D:2:      uniq_crazy_yiuf_cottage, uniq_sigmund, uniq_jessica, uniq_natasha
D:3:      lemuel_crystal_altar, lemuel_round_altar, first_ration, uniq_ijyb
D:4:      nicolae_qazlal_eye_of_the_storm, portal_sewer_entry_e, uniq_robin,
          uniq_menkaure
D:5:      minmay_a_box_with_orc_wizards_in_it, uniq_eustachio
D:6:      overflow_temple_1_default
D:7:      wad_pebble_path, temple_fountains
D:8:      the_bakery, minmay_joined_circles
D:9:      lair_entry_dummy, orc_0_dummy, serial_corexii_hall,
          corexii_hall_statues_t, corexii_hall_statues_x,
          corexii_hall_statues_u, nicolae_two_hexagons
D:10:     kennysheep_decorative_pillar, fedhas_altar_3, uniq_sonja, uniq_erolcha
D:12:     basic_altar, uniq_maurice
D:13:     kennysheep_funnel, serial_shops, kennysheep_mini_moat, uniq_kirke,
          uniq_josephine
D:14:     grunt_vaults_entry_fortified, minmay_misc_feat_secret_circle,
          uniq_frances, uniq_nessos
D:15:     grunt_enter_depths_giant_problem, lemuel_statue_altar,
          dk_noncrumbling_4, grunt_ministairs_14, tgw_lugonu_bribe, uniq_agnes
Orc:1:    uniq_urug
Orc:2:    kennysheep_orc_mage_school, basic_altar, mines5_lemuel
Depths:1: enter_ziggurat_e, fountainhead, pf_hell_entry_tar_spiral,
          serial_bayou_crossing, uniq_asterion
Sewer:    sewer_minmay_w

Skill      XL: |  1  2  3  4  5  6  7  8  9 10 11 12 13 14 |
---------------+-------------------------------------------+-----
Crossbows      | 4 5 7 8 9 10 13 16 18 | 18.2
Invocations    | 6 8 |  8.0
Evocations     | 2 |  2.0
Fighting       | 5 8 10 11 | 11.9
Dodging        | 7 10 12 13 14 | 14.0
Maces & Flails | |  1.0
Stealth        | |  1.5

Action                   |  1- 3 |  4- 6 |  7- 9 | 10-12 | 13-15 || total
-------------------------+-------+-------+-------+-------+-------++-------
Melee: Short sword       |    87 |    29 |   377 |     6 |       ||   499
       Dagger            |       |     3 |       |       |       ||     3
       Punch             |       |       |     1 |       |       ||     1
 Fire: Hand crossbow     |    12 |   112 |   112 |   685 |       ||   921
       Shortbow          |       |       |   305 |       |       ||   305
       Arbalest          |       |       |       |   173 |   702 ||   875
Invok: Heroism           |       |       |     5 |    12 |     8 ||    25
       Finesse           |       |       |       |     8 |     8 ||    16
Evoke: Wand              |       |       |       |     1 |     4 ||     5
  Use: Scroll            |       |     4 |       |    11 |     4 ||    19
       Potion            |       |       |     3 |     2 |     3 ||     8
 Stab: Sleeping          |     2 |     1 |     4 |       |       ||     7
       Distracted        |     1 |       |       |       |       ||     1
  Eat: Ration            |       |       |     5 |     3 |     3 ||    11
Armor: Robe              |    11 |     4 |    92 |    32 |    18 ||   157
       Troll leather arm |       |       |       |       |    15 ||    15
Dodge: Dodged            |   101 |    46 |   651 |   325 |   311 ||  1434

Table legend:
 A = Spawn XP
 B = Non-spawn XP
 C = Spawn XP percentage of total XP
 D = Spawn monster count
 E = Non-spawn monster count
 F = Spawn count percentage of total count
 G = Total turns spent on level
                    A         B        C        D         E        F      G
               +---------+---------+-------+---------+---------+-------+---------
         Total |       0 |  103474 |   0.0 |       0 |     620 |   0.0 | 24230
               +---------+---------+-------+---------+---------+-------+---------
           D:1 |       0 |      71 |   0.0 |       0 |      35 |   0.0 |  1175
           D:2 |       0 |     475 |   0.0 |       0 |      19 |   0.0 |  1093
           D:3 |       0 |     180 |   0.0 |       0 |      28 |   0.0 |   707
           D:4 |       0 |     426 |   0.0 |       0 |      30 |   0.0 |  1318
           D:5 |       0 |    1048 |   0.0 |       0 |      32 |   0.0 |  1608
           D:6 |       0 |     785 |   0.0 |       0 |      18 |   0.0 |  1512
           D:7 |       0 |    1313 |   0.0 |       0 |      40 |   0.0 |  1833
           D:8 |       0 |    3917 |   0.0 |       0 |      35 |   0.0 |  1185
           D:9 |       0 |    3714 |   0.0 |       0 |      35 |   0.0 |  1810
          D:10 |       0 |    5075 |   0.0 |       0 |      23 |   0.0 |   851
          D:11 |       0 |    3037 |   0.0 |       0 |      22 |   0.0 |   702
          D:12 |       0 |    5365 |   0.0 |       0 |      18 |   0.0 |  1040
          D:13 |       0 |   17687 |   0.0 |       0 |      54 |   0.0 |  2019
          D:14 |       0 |   26494 |   0.0 |       0 |      45 |   0.0 |  1976
          D:15 |       0 |   12845 |   0.0 |       0 |      29 |   0.0 |  1190
         Orc:1 |       0 |    4730 |   0.0 |       0 |      26 |   0.0 |  1687
         Orc:2 |       0 |   11109 |   0.0 |       0 |      77 |   0.0 |  1757
      Depths:1 |       0 |    4854 |   0.0 |       0 |       6 |   0.0 |   173
         Sewer |       0 |     349 |   0.0 |       0 |      48 |   0.0 |   594
               +---------+---------+-------+---------+---------+-------+---------
